 Dungeon Crawl Stone Soup version 0.29-a0-284-gf9362112df (webtiles) character file.

Game seed: 4259469740474340387

69 sammy202020 the Skirmisher (level 4, -3/29 HPs)
             Began as a Gargoyle Berserker on Mar 14, 2022.
             Was a Believer of Trog.
             Slain by spaghetti's ghost (7 damage)
             ... on level 3 of the Dungeon.
             The game lasted 00:02:41 (1169 turns).

sammy202020 the Skirmisher (Gargoyle Berserker)     Turns: 1169, Time: 00:02:42

Health: -3/29      AC:  9    Str: 20    XL:     4   Next: 20%
Magic:  4/4        EV: 11    Int: 10    God:    Trog [**....]
Gold:   98         SH:  0    Dex:  9    Spells: 3/3 levels left

rFire   . . .      SeeInvis .   a - +0 mace
rCold   . . .      Faith    .   (no shield)
rNeg    + . .      Spirit   .   h - +0 ring mail
rPois   ∞          Reflect  .   (no helmet)
rElec   +          Harm     .   (no cloak)
rCorr   .          Rampage  .   (no gloves)
Will    .....                   (no boots)
Stlth   ..........              (no amulet)
HPRegen 0.09/turn               (no ring)
MPRegen 0.09/turn               (no ring)

@: no status effects
A: sickness immunity, AC +3, negative energy resistance 1, electricity
resistance, torment resistance 1, petrification resistance
a: Renounce Religion, Berserk, Trog's Hand


You were on level 3 of the Dungeon.
You worshipped Trog.
Trog was pleased with you.
You visited 1 branch of the dungeon, and saw 3 of its levels.

You collected 98 gold pieces.

Inventory:

Hand Weapons
 a - a +0 mace (weapon)
Armour
 h - a +0 ring mail (worn)
Scrolls
 d - 5 scrolls of identify {unknown}
 g - 2 scrolls of teleportation {unknown}
 i - a scroll of blinking {unknown}
 j - 2 scrolls of amnesia {unknown}
Potions
 b - a potion of haste {unknown}
 c - a potion of degeneration {unknown}
 e - 4 potions of resistance {unknown}
 f - a potion of ambrosia {unknown}


   Skills:
 * Level 4.0 Fighting
 * Level 3.5 Maces & Flails
 * Level 3.2 Armour
 + Level 1.9 Dodging


You had 3 spell levels left.
You didn't know any spells.
Your spell library was empty.

Dungeon Overview and Level Annotations

Branches:
Dungeon (2/15)

Altars:

Annotations:
D:3 spaghetti's ghost, amateur DsGl


Innate Abilities, Weirdness & Mutations

You are immune to sickness and miasma.
Your stone body is resilient. (AC +3)
You are immune to poison.
You resist negative energy. (rN+)
You are resistant to electric shocks. (rElec)
You are resistant to unholy torment.
You are immune to petrification.


Message History

You hit spaghetti's ghost but do no damage.
Spaghetti's ghost is lightly damaged.
Spaghetti's ghost hits you.
You sock spaghetti's ghost!
Spaghetti's ghost is moderately damaged.
Spaghetti's ghost hits you.
You completely miss spaghetti's ghost.
Spaghetti's ghost is moderately damaged.
Spaghetti's ghost closely misses you.
You hit spaghetti's ghost but do no damage.
Spaghetti's ghost is moderately damaged.
Spaghetti's ghost barely misses you.
You closely miss spaghetti's ghost.
Spaghetti's ghost is moderately damaged.
Spaghetti's ghost barely misses you.
Spaghetti's ghost hits you but does no damage.
You hit spaghetti's ghost.
Spaghetti's ghost is heavily damaged.
Spaghetti's ghost hits you but does no damage.
You hit spaghetti's ghost but do no damage.
Spaghetti's ghost is heavily damaged.
Spaghetti's ghost hits you but does no damage.
You hit spaghetti's ghost.
Spaghetti's ghost is heavily damaged.
Spaghetti's ghost closely misses you.
You hit spaghetti's ghost.
Spaghetti's ghost is severely damaged.
Spaghetti's ghost hits you. Spaghetti's ghost closely misses you.
You hit spaghetti's ghost.
Spaghetti's ghost is severely damaged.
Spaghetti's ghost hits you.
* * * LOW HITPOINT WARNING * * *
You completely miss spaghetti's ghost.
Spaghetti's ghost is severely damaged.
Spaghetti's ghost hits you.
* * * LOW HITPOINT WARNING * * *
You hit spaghetti's ghost.
Spaghetti's ghost is almost destroyed.
Spaghetti's ghost hits you!
You die...

#.##..# ..
####.### .. ....
.. #......#
####.## ...
#.##.#.# ..
#.##.#.# .# .
#.##.#.# ..
#.##.#.#
#.#.###......#
...........###
.......@...##
.#....#W#...##
.....##.##...#
....##...##...#
...##.....##..#
#..#⌠.?♣!.⌠#....
...##.....##..###
....##...##...#
...##⌠##...##


You could see spaghetti's ghost.

Vanquished Creatures
  Jessica (D:2)
  An adder (D:2)
  2 worms (D:2)
  A dart slug (D:2)
  A giant cockroach (D:2)
  2 goblins
  6 hobgoblins
  A kobold (D:1)
  A quokka (D:2)
  5 bats
  2 frilled lizards (D:1)
  4 rats
27 creatures vanquished.

Notes
Turn   | Place    | Note
-------+----------+-------------------------------------------
     0 | D:1      | sammy202020 the Gargoyle Berserker began the quest for the
                  | Orb.
     0 | D:1      | Reached XP level 1. HP: 14/14 MP: 1/1
   152 | D:1      | Reached XP level 2. HP: 16/19 MP: 2/2
   233 | D:1      | Found a faded altar of an unknown god.
   777 | D:2      | Noticed Jessica
   790 | D:2      | Killed Jessica
   791 | D:2      | Reached XP level 3. HP: 13/24 MP: 3/3
   961 | D:2      | Reached skill level 4 in Fighting
   961 | D:2      | Reached XP level 4. HP: 23/29 MP: 4/4
   963 | D:2      | Reached ** piety under Trog
  1069 | D:2      | You fall into a shaft and drop 1 floor!
  1134 | D:3      | Found a runed translucent door.
  1135 | D:3      | Noticed spaghetti's ghost (amateur DsGl)
  1169 | D:3      | Slain by spaghetti's ghost

Illustrated notes

Levels and vault maps discovered:
D:1:      dpeg_arrival_renting, layout_rooms, chequers_ecumenical_altar_island
D:2:      layout_rooms, uniq_jessica
D:3:      layout_loops_cross, hellmonk_ghost_happy_afterlife, serial_glass,
          glass_columns_a, glass_columns_a

Skill      XL: |  1  2  3 |
---------------+----------+-----
Armour         | 3 |  3.2
Fighting       | 4 |  4.0
Maces & Flails | |  3.5
Dodging        | |  1.9

Action                   |  1- 3 |  4- 6 || total
-------------------------+-------+-------++-------
Melee: Mace              |    84 |    42 ||   126
 Stab: Sleeping          |     1 |       ||     1
Armor: Animal skin       |    34 |       ||    34
       Ring mail         |    17 |    21 ||    38
Dodge: Dodged            |    71 |    39 ||   110

Table legend: (Time is in decaauts)
 A = Elapsed time spent in this place.
 B = Non-inter-level travel time spent in this place.
 C = Inter-level travel time spent in this place.
 D = Time resting spent in this place.
 E = Time spent auto-exploring this place.
 F = Levels seen in this place.
 G = Mean time per level.
                   A        B        C        D        E       F      G
               +--------+--------+--------+--------+--------+-----+--------+
         Total |   1201 |   1201 |      0 |      0 |    791 |   3 |  400.3 |
       Dungeon |   1201 |   1201 |      0 |      0 |    791 |   3 |  400.3 |
               +--------+--------+--------+--------+--------+-----+--------+

Top non-repeatable levels by time:
     D:1: 745 daAuts
     D:2: 347 daAuts
     D:3: 108 daAuts
